Map: Shrines of Lizul

Players

Throwfordays

  • Race: Protoss Protoss
  • League: Silver
  • Spawn Location: 9:00

Cthulhu

  • Race: Protoss Protoss
  • Spawn Location: 6:00

Craz - Winner!

  • Race: Zerg Zerg
  • League: Master
  • Spawn Location: 12:00

Byrd - Winner!

  • Race: Terran Terran
  • League: Silver
  • Spawn Location: 3:00

VOD

Have the link to the VOD?

Description

Time

  • Played on: April 10, 2019, 9:44 p.m.
  • Length: 7:17
Show
View Real Time Build Order
Export as new Build Order

Throwfordays Protoss 

Build Orders: 1 Gate Expand 

Get SALT Encoding   

  12  0:00  Probe  
  13  0:14  Pylon  
  13  0:18  Probe  
  14  0:33  Gateway  
  14  0:34  Probe  
  14  0:42  Probe  
  16  0:51  Assimilator, Probe  
  17  1:03  Probe  
  18  1:15  Probe  
  19  1:27  Probe  
  20  1:36  Nexus  
  20  1:40  Probe  
  21  1:51  Cybernetics Core  
  21  2:01  Pylon  
  21  2:07  Gateway  
  21  2:13  Assimilator, Probe  
  22  2:21  Warp Gate  
  22  2:25  Probe  
  23  2:30  Adept  
  25  2:38  Probe  
  26  2:46  Robotics Facility  
  26  2:49  Pylon  
  26  3:05  Adept  
  22  3:19  Adept  
  21  3:20  Probe  
  21  3:26  Adept  
  23  4:01  Probe  
  12  4:13  Probe  
  13  4:25  Probe  
  14  4:37  Probe  
  13  4:39  Adept  
  15  4:46  Adept  
  15  5:00  Adept  
  17  5:11  Probe  
  18  5:19  Probe  
  18  5:28  Probe  
  18  5:38  Probe  
  17  5:49  Adept  
  10  5:56  Probe  
  10  6:24  Probe  
  11  6:45  Probe  
  13  7:01  Probe  
Show
View Real Time Build Order
Export as new Build Order

Cthulhu Protoss 

Build Orders:  

Get SALT Encoding   

  12  0:01  Probe  
  13  0:13  Probe  
  14  0:24  Pylon  
  14  0:25  Probe  
  15  0:42  Probe  
  16  0:48  Gateway  
  16  0:53  Assimilator  
  16  0:55  Probe  
  17  1:07  Probe  
  18  1:19  Probe  
  19  1:31  Probe  
  20  1:33  Pylon  
  20  1:40  Cybernetics Core  
  20  1:41  Zealot  
  22  1:50  Warp Gate  
  22  1:56  Probe  
  22  2:00  Nexus  
  23  2:09  Probe  
  24  2:19  Zealot  
  26  2:23  Assimilator  
  26  2:31  Gateway  
  26  2:38  Gateway  
  26  2:46  Probe  
  27  3:12  Probe  
  28  3:16  Zealot  
  28  3:19  Stalker  
  30  3:36  Probe  
  30  3:39  Zealot  
  31  3:48  Probe  
  31  3:52  Pylon, Zealot  
  34  4:00  Probe  
  34  4:01  Zealot  
  34  4:02  Stalker  
  35  4:25  Zealot  
  35  4:26  Zealot  
  35  4:36  Forge  
  29  4:46  Stalker x2  
  29  4:47  Stalker  
  35  4:53  Shield Battery  
  35  4:55  Shield Battery  
  35  5:09  Zealot  
  35  5:10  Zealot  
  33  5:22  Photon Cannon x2  
  33  5:27  Twilight Council  
  29  5:32  Pylon, Zealot  
  29  5:33  Zealot x2  
  35  5:47  Photon Cannon  
  27  5:59  Zealot x2  
  27  6:00  Zealot  
  33  6:31  Zealot x3  
  32  6:57  Pylon, Gateway  
Show
View Real Time Build Order
Export as new Build Order

Craz Zerg - Winner!

Build Orders: Hatch First 

Get SALT Encoding   

  12  0:01  Drone  
  13  0:13  Overlord  
  13  0:19  Drone  
  14  0:33  Drone x2  
  16  0:37  Drone  
  17  0:55  Drone  
  18  0:59  Hatchery  
  18  1:01  Drone  
  18  1:09  Extractor  
  17  1:17  Spawning Pool  
  16  1:21  Drone  
  16  1:22  Drone  
  18  1:34  Overlord  
  18  2:04  Zergling x4  
  18  2:05  Zergling x2  
  21  2:09  Queen  
  21  2:10  Queen  
  21  2:12  Zergling x2  
  26  2:15  Metabolic Boost  
  26  2:22  Zergling x4  
  28  2:28  Zergling x2  
  29  2:45  Hatchery  
  29  2:51  Zergling x4  
  29  2:58  Zergling x2  
  31  3:10  Zergling x2  
  31  3:11  Zergling x8  
  29  3:22  Zergling x2  
  29  3:23  Zergling x2  
  31  3:38  Zergling x10  
  35  3:52  Overlord  
  34  3:58  Spine Crawler  
  34  4:00  Spine Crawler  
  28  4:08  Zergling x2  
  28  4:09  Zergling x6  
  29  4:14  Zergling x4  
  27  4:21  Zergling x2  
  27  4:22  Zergling x2  
  28  4:32  Zergling x4  
  28  4:33  Zergling x2  
  28  4:38  Zergling x2  
  32  4:40  Zergling x2  
  28  5:00  Zergling x2  
  28  5:01  Zergling x10  
  33  5:14  Zergling x2  
  33  5:15  Zergling x4  
  32  5:29  Drone  
  32  5:30  Drone x4  
  34  5:48  Zergling x2  
  34  5:49  Zergling x8  
  32  6:01  Queen  
  34  6:09  Spine Crawler  
  33  6:25  Spine Crawler  
  29  6:27  Spine Crawler  
  29  6:29  Zergling x2  
  29  6:30  Zergling x6  
  32  6:44  Drone  
  32  6:45  Drone x2  
  31  6:57  Drone  
  31  6:58  Drone x5  
Show
View Real Time Build Order
Export as new Build Order

Byrd Terran - Winner!

Build Orders:  

Get SALT Encoding   

  12  0:01  SCV  
  13  0:14  SCV  
  14  0:19  Supply Depot  
  14  0:26  SCV  
  15  0:41  SCV  
  16  0:47  Barracks  
  16  0:53  Refinery  
  16  0:55  SCV  
  17  1:20  SCV  
  18  1:33  SCV  
  18  1:38  Barracks Reactor  
  19  1:44  Barracks  
  19  1:48  SCV  
  20  2:01  Engineering Bay  
  20  2:06  Refinery  
  20  2:12  Orbital Command  
  20  2:14  Supply Depot  
  20  2:18  Marine  
  20  2:19  Marine  
  22  2:31  Marine  
  22  2:36  Marine  
  24  2:40  Factory  
  24  2:44  Barracks  
  24  2:45  Terran Infantry Weapons Level 1  
  24  2:46  SCV  
  24  2:50  Marine x2  
  27  3:19  Marine x3  
  28  3:37  Marine x2  
  30  3:49  Marine  
  31  3:57  Barracks Reactor  
  31  4:00  Supply Depot  
  31  4:03  Factory Reactor  
  31  4:06  Factory Tech Lab  
  31  4:08  Starport  
  31  4:22  Marine x3, SCV  
  29  4:39  Marine x3  
  31  4:50  Siege Tank  
  31  4:52  Medivac  
  36  4:57  Marine x3  
  38  5:15  Marine  
  38  5:20  Marine  
  39  5:22  Barracks Tech Lab  
  39  5:53  Medivac  
  39  6:03  Supply Depot  
  39  6:24  Marine x3, Medivac, Siege Tank  
  47  6:25  Supply Depot  
  47  6:47  Marine x3  
Tags
 
Add a new tag
Caveats
  • Supply blocks, unpowered buildings, or Contaminate may cause inaccurate times.
  • Supply counts are checked every 10 seconds.